 Dungeon Crawl Stone Soup version 0.18.1-50-g88ac8fd (webtiles) character file.

46 varam the Sneak (level 3, 0/16 HPs)
             Began as a Spriggan Enchanter on Oct 19, 2016.
             Succumbed to an adder's poison
             ... on level 2 of the Dungeon.
             The game lasted 00:03:29 (1537 turns).

varam the Sneak (Spriggan Enchanter)                Turns: 1537, Time: 00:03:29

Health: 0/16       AC:  3    Str:  4    XL:     3   Next: 46%
Magic:  8/8        EV: 18    Int: 17    God:
Gold:   118        SH:  0    Dex: 16    Spells: 3 memorised, 1 level left

rFire  . . .     SeeInvis +     r - staff of wizardry (curse)
rCold  . . .     Gourm    .     b - +1 robe
rNeg   . . .     Faith    .     (shield currently unavailable)
rPois  .         Spirit   .     (helmet restricted)
rElec  .         Dismiss  .     (no cloak)
rCorr  .         Reflect  .     (gloves unavailable)
SustAt .         Harm     .     (boots unavailable)
MR     .....                    (no amulet)
Stlth  ++++......               (no ring)
                                (no ring)

@: lethally poisoned (0 -> -7), very quick, not resistant to hostile
enchantments, stealthy
A: unfitting armour, see invisible, herbivore 3, speed 3, slow metabolism 2
a: no special abilities


You were on level 2 of the Dungeon.
You were not hungry.

You visited 1 branch of the dungeon, and saw 3 of its levels.

You collected 118 gold pieces.

Inventory:

Hand Weapons
 a - a +1 dagger
Armour
 b - a +1 robe (worn)
Magical Staves
 r - a cursed staff of wizardry (weapon)
Jewellery
 h - an uncursed ring of stealth {unknown}
 k - a +2 ring of dexterity {unknown}
Scrolls
 f - a scroll of magic mapping
 i - a scroll of teleportation
 l - a scroll of enchant weapon
 o - a scroll of random uselessness
Potions
 j - a potion of cure mutation
 m - a potion of resistance {unknown}
 n - a potion of heal wounds {unknown}
 q - a potion of might {unknown}
Books
 c - a book of Maledictions

   Spells                             Type                      Level
   a - Corona                         Hexes                        1
   b - Ensorcelled Hibernation        Hexes/Ice                    2
   c - Confuse                        Hexes                        3
   d - Tukima's Dance                 Hexes                        3
   e - Dazzling Spray                 Conjuration/Hexes            3
Comestibles
 d - a bread ration
 p - 4 fruits


   Skills:
 + Level 2.7 Short Blades
 - Level 3.0 Dodging
 + Level 5.8 Stealth
 - Level 2.6 Spellcasting
 - Level 3.6 Hexes


You had one spell level left.
You knew the following spells:

 Your Spells              Type           Power        Failure   Level  Hunger
a - Corona                Hex            ##.....      1%          1    #......
b - Ensorcelled Hibernat  Hex/Ice        #.....       7%          2    ##.....
c - Confuse               Hex            ##......     6%          3    ###....


Dungeon Overview and Level Annotations

Branches:
Dungeon (3/15)

Altars:

Annotations:
D:3 Duraxyll's ghost, amateur GrBe


Innate Abilities, Weirdness & Mutations

You are tiny and cannot use many weapons and most armour.
You have supernaturally acute eyesight.
You are a herbivore.
You cover ground extremely quickly.
You need consume almost no food.


Message History

Casting: Corona
Confirm with . or Enter, or press ? or * to list all spells.
You don't have enough magic to cast that spell.
Unknown command.
Casting: Corona
Confirm with . or Enter, or press ? or * to list all spells.
You don't have enough magic to cast that spell.
Unknown command.
* * * LOW HITPOINT WARNING * * *
You feel sick. The adder misses you.
You climb upwards.
There is a stone staircase leading down here.
* * * LOW HITPOINT WARNING * * *
You feel sick.
Drink which item? (? for menu, Esc to quit)
It was a potion of cure mutation.
It has a very clean taste.
The adder stops glowing.
The adder misses you.
Drink which item? (? for menu, Esc to quit)
It was a potion of magic.
Magic courses through your body.
You die...

.............#.........# #
.####.###...........#### ## .#
#...#.##.####..(############. .#
###.#.##.## #.....[.......... ##
#.#.#...####..#[.....[.....
#.#.#............#######...
######.#.#...#.##..#..# #.#.
#...........#...#..#..# #.##
##.####.........@...#..#######.##
.....####.##...>S............#.#
##.#.# #.#####.##.##..####....##
#.#.# #..........##..##........
#.#.# #############..##.#...###
##.#.###### #..##.#####
..........# #..##.# ##..#####.#
#..##.####### #...#####.#
#..##.##....(


You could see an adder.

Vanquished Creatures
  2 adders
  2 giant geckos (D:1)
  2 giant cockroaches
  2 goblins
  2 hobgoblins (D:1)
  4 jackals (D:2)
  6 bats
  4 rats
24 creatures vanquished.

Notes
Turn   | Place    | Note
--------------------------------------------------------------
     0 | D:1      | varam the Spriggan Enchanter began the quest for the Orb.
     0 | D:1      | Reached XP level 1. HP: 9/9 MP: 5/5
    61 | D:1      | Reached XP level 2. HP: 13/13 MP: 6/6
   101 | D:2      | Reached skill level 5 in Stealth
   111 | D:2      | Learned a level 2 spell: Ensorcelled Hibernation
   706 | D:1      | Reached XP level 3. HP: 16/16 MP: 8/8
   723 | D:1      | Learned a level 3 spell: Confuse
  1230 | D:3      | Noticed Duraxyll's ghost (amateur GrBe)
  1537 | D:2      | Succumbed to an adder's poison

Skill      XL: |  1  2 |
---------------+-------+-----
Stealth        | 5 |  5.8
Short Blades   | 2 |  2.7
Dodging        | |  3.0
Spellcasting   | |  2.6
Hexes          | |  3.6

Action                   || total
-------------------------++-------
Melee: Dagger            ||    65
       Staff             ||     7
 Cast: Corona            ||    11
       Confuse           ||     2
       Ensorcelled Hiber ||     1
  Use: Scroll            ||     4
       Potion            ||     2
 Stab: Sleeping          ||    11
Armor: Robe              ||     9
Dodge: Dodged            ||    72
